Nordiques vs Blues
Created - 5 janvier 2017 at 19:01
Goals
|
| Nordiques |
3 |
1 |
1 |
5 |
| Blues |
0 |
3 |
0 |
3 |
|
Shots
|
| Nordiques |
10 |
16 |
12 |
38 |
| Blues |
9 |
15 |
9 |
33 |
|
1st period
1. Nordiques , Nikolai Kulemin 3 (T.J. Fast, Rich Peverley) at 10:42
2. Nordiques , Dmitry Kulikov 2 (Dustin Byfuglien, Kyle Calder) at 13:10
3. Nordiques , Jarret Stoll 5 (Michael Ryder, Matt Moulson) at 16:15
Penalties :
Paul Kariya (STL) for Unsportsmanlike conduct (Minor) at 7:50, Dmitry Kulikov (Que) for Roughing (Minor) at 11:03
2nd period
4. Nordiques , Jean-Pierre Dumont 10 (R.J. Umberger, Chris Drury) at 2:37
5. Blues , Paul Kariya 1 (Drew Fata) at 13:39
6. Blues , Joe Pavelski 16 (Nicklas Backstrom, Jake Gardiner) at 15:37
7. Blues , Darren Reid 4 (Paul Kariya) at 17:02
Penalties :
Joe Pavelski (STL) for Roughing (Minor) at 11:04
3rd period
8. Nordiques , Matt Moulson 6 (Ryan Ellis) at 6:29
Penalties :
Nikita Kucherov (Que) for Roughing (Minor) at 10:53
Goalie Stats
Martin Brodeur (Que), 30 saves from 33 shots - (0,909), W, 14-6-1, 60:00 minutes
Ilya Bryzgalov (STL), 25 saves from 26 shots - (0,962), 37:23 minutes
Tuukka Rask (STL), 8 saves from 12 shots - (0,667), L, 12-8-3, 22:37 minutes
Players Stats for Nordiques
Player Name G A P +/- PIM S H SB GA TA FO MP PP MP PK MP
------------------------------------------------------------------------------------
Chris Drury 0 1 1 0 0 2 2 1 2 0 15/30 21:37 2:05 2:11
Dmitry Kulikov 1 0 1 3 2 1 1 0 0 1 0/0 18:45 1:40 0:52
Dustin Byfuglien 0 1 1 -1 0 0 1 0 0 1 0/0 27:04 2:18 1:13
Fedor Tyutin 0 0 0 -2 0 4 0 4 0 3 0/0 25:43 2:18 0:00
Jarret Stoll 1 0 1 3 0 5 1 0 0 0 5/11 13:29 0:00 1:38
Jean-Pierre Dumont 1 0 1 0 0 3 1 1 0 0 1/1 19:17 1:53 0:00
Kyle Calder 0 1 1 0 0 1 1 0 1 0 0/0 16:45 1:53 0:39
Matt Moulson 1 1 2 2 0 2 1 0 0 0 0/0 10:52 0:00 0:00
Michael Ryder 0 1 1 2 0 4 0 0 1 0 0/0 11:15 0:00 0:00
Nikita Kucherov 0 0 0 -1 2 1 2 0 0 0 0/1 16:43 2:05 0:00
Niklas Kronwall 0 0 0 1 0 1 1 0 0 0 0/0 14:18 0:00 1:53
Nikolai Kulemin 1 0 1 0 0 5 0 1 0 0 1/1 9:01 0:00 0:00
Pascal Dupuis 0 0 0 0 0 2 1 1 0 0 2/3 11:09 0:00 2:08
R.J. Umberger 0 1 1 0 0 3 1 0 1 0 0/2 19:26 2:05 0:00
Rich Peverley 0 1 1 0 0 1 1 0 0 0 1/5 10:58 0:00 1:20
Ryan Ellis 0 1 1 3 0 3 0 0 0 1 0/0 19:59 1:40 2:05
T.J. Fast 0 1 1 1 0 0 0 1 0 2 0/0 14:18 0:00 1:53
Vaclav Prospal 0 0 0 -1 0 0 1 0 1 0 3/8 15:21 1:53 0:00
Players Stats for Blues
Player Name G A P +/- PIM S H SB GA TA FO MP PP MP PK MP
------------------------------------------------------------------------------------
Alex Pietrangelo 0 0 0 -2 0 2 2 1 2 2 0/0 22:17 2:15 0:00
Bryce Lampman 0 0 0 -1 0 1 2 3 0 1 0/0 23:51 1:43 2:30
Darren Reid 1 0 1 0 0 2 0 0 0 0 0/0 7:56 0:05 0:00
David Perron 0 0 0 0 0 3 0 1 1 0 3/3 21:23 1:57 0:00
Drew Fata 0 1 1 1 0 1 0 0 0 1 0/0 18:50 0:00 1:28
Jake Gardiner 0 1 1 -2 0 0 4 0 0 1 0/0 20:45 2:15 0:00
Joe Pavelski 1 0 1 0 2 3 4 0 0 0 3/5 21:20 1:56 0:00
Kevin Porter 0 0 0 0 0 3 1 1 0 0 3/5 7:28 0:00 0:00
Nicklas Backstrom 0 1 1 0 0 1 3 0 2 0 14/24 21:57 2:01 0:27
Nik Antropov 0 0 0 -1 0 2 3 0 0 1 3/10 13:35 0:00 2:06
Paul Kariya 1 1 2 0 2 2 2 0 0 0 0/0 7:36 0:05 0:00
Sergei Shirokov 0 0 0 -1 0 1 1 0 0 0 1/2 17:00 1:57 1:25
Steve McCarthy 0 0 0 1 0 2 0 1 0 0 0/0 15:24 0:00 1:28
Taylor Hall 0 0 0 -1 0 2 0 0 3 0 0/1 15:41 1:56 0:27
Taylor Pyatt 0 0 0 -1 0 0 0 0 0 0 0/0 13:35 0:00 2:06
Tomas Kopecky 0 0 0 -1 0 1 1 0 0 0 0/0 11:49 0:00 0:00
Travis Hamonic 0 0 0 -1 0 2 1 2 0 0 0/0 18:53 1:43 2:30
Travis Zajac 0 0 0 -1 0 5 1 0 0 0 7/12 16:40 1:57 1:25
3 Stars
1 - Matt Moulson (Que)
2 - Jarret Stoll (Que)
3 - Dmitry Kulikov (Que)
Power Play
Nordiques - 0 on 2 Attempt(s) - 0,00%
Blues - 0 on 2 Attempt(s) - 0,00%
Penalty Kill
Nordiques - 2 on 2 Attempt(s) - 100,00%
- Score 0 goal in Penalty Kill
Blues - 2 on 2 Attempt(s) - 100,00%
- Score 0 goal in Penalty Kill
Team Stat
Nordiques - Hits : 15 - Faceoff Wins : 28 - Blocked Shots : 9 - Penalty Minutes : 4
Blues - Hits : 25 - Faceoff Wins : 34 - Blocked Shots : 9 - Penalty Minutes : 4
Official
Referees : Rehman Kyle and Martell Rob
Linesman : Derek Nansen and Pierre Racicot
Game Notes
Ilya Bryzgalov enters game at 2:37 of 2nd period
Finance
Level 1 -- Attendance: 6000 (100,00%) -- Ticket Income 504 000 $
Level 2 -- Attendance: 4768 (95,36%) -- Ticket Income 247 936 $
Level 3 -- Attendance: 1883 (94,15%) -- Ticket Income 56 490 $
Level 4 -- Attendance: 4000 (100,00%) -- Ticket Income 76 000 $
Luxury Box -- Attendance: 789 (78,90%) -- Ticket Income 133 341 $
Game was played at the Scotttrade center.
Total Attendance: 17440 (96,89%)
Total Ticket Income: 1 017 767 $
Other Income: 152 665 $
Total Income: 1 170 432 $
Nordiques
5 vs 5 Forward
Center Left Wing Right Wing Time % Phy DF OF
1 Chris Drury R.J. Umberger Jean-Pierre Dumont 40 0 0 5
2 Vaclav Prospal Kyle Calder Nikita Kucherov 30 0 0 5
3 Jarret Stoll Matt Moulson Michael Ryder 20 0 0 5
4 Rich Peverley Nikolai Kulemin Pascal Dupuis 10 0 0 5
5 vs 5 Defense
Defense Defense Time % Phy DF OF
1 Fedor Tyutin Dustin Byfuglien 40 1 1 3
2 Ryan Ellis Dmitry Kulikov 30 1 1 3
3 T.J. Fast Niklas Kronwall 20 1 3 1
4 Fedor Tyutin Dustin Byfuglien 10 1 1 3
PowerPlay Forward
Center Left Wing Right Wing Time % Phy DF OF
1 Chris Drury R.J. Umberger Nikita Kucherov 60 0 0 5
2 Vaclav Prospal Kyle Calder Jean-Pierre Dumont 40 0 0 5
PowerPlay Defense
Defense Defense Time % Phy DF OF
1 Fedor Tyutin Dustin Byfuglien 60 1 0 4
2 Ryan Ellis Dmitry Kulikov 40 1 0 4
Penalty Kill 4 Players Forward
Center Wing Time % Phy DF OF
1 Pascal Dupuis Chris Drury 60 1 3 1
2 Jarret Stoll Rich Peverley 40 1 3 1
Penalty Kill 4 Players Defense
Defense Defense Time % Phy DF OF
1 T.J. Fast Niklas Kronwall 60 2 3 0
2 Ryan Ellis Dmitry Kulikov 40 2 3 0
Penalty Kill - 3 Players Forward
Forward Time % Phy DF OF
1 Pascal Dupuis 60 1 4 0
2 Jarret Stoll 40 2 3 0
Penalty Kill - 3 Players Defense
Defense Defense Time % Phy DF OF
1 T.J. Fast Niklas Kronwall 60 1 4 0
2 Dustin Byfuglien Dmitry Kulikov 40 1 4 0
4 vs 4 Forward
Center Wing Time % Phy DF OF
1 Chris Drury Jean-Pierre Dumont 60 1 1 3
2 Vaclav Prospal Nikita Kucherov 40 1 1 3
4 vs 4 Defense
Defense Defense Time % Phy DF OF
1 Ryan Ellis Dmitry Kulikov 60 1 3 1
2 Fedor Tyutin Dustin Byfuglien 40 1 3 1
Last Minutes Offensive
Center Left Wing Right Wing Defense Defense
Chris Drury R.J. Umberger Nikita Kucherov Ryan Ellis Dmitry Kulikov
Last Minutes Defensive
Center Left Wing Right Wing Defense Defense
Pascal Dupuis Rich Peverley Vaclav Prospal T.J. Fast Niklas Kronwall
Goaltenders
Starting : Martin Brodeur
Backup : Julien Ellis
Extra Forwards
Normal : Chris Drury, Nikita Kucherov, R.J. Umberger - PP : Chris Drury, Jean-Pierre Dumont - PK : Rich Peverley
Extra Defensemen
Normal : Fedor Tyutin, Ryan Ellis, Dustin Byfuglien - PP : Fedor Tyutin - PK : Dmitry Kulikov, T.J. Fast
Penalty Shots
R.J. Umberger, Chris Drury, Vaclav Prospal, Jean-Pierre Dumont, Kyle Calder
Blues
5 vs 5 Forward
Center Left Wing Right Wing Time % Phy DF OF
1 Nicklas Backstrom David Perron Joe Pavelski 40 1 2 2
2 Travis Zajac Taylor Hall Sergei Shirokov 30 1 2 2
3 Nik Antropov Taylor Pyatt Tomas Kopecky 20 1 2 2
4 Kevin Porter Paul Kariya Darren Reid 10 1 2 2
5 vs 5 Defense
Defense Defense Time % Phy DF OF
1 Bryce Lampman Alex Pietrangelo 40 1 2 2
2 Travis Hamonic Jake Gardiner 30 1 2 2
3 Drew Fata Steve McCarthy 20 1 2 2
4 Jake Gardiner Drew Fata 10 1 2 2
PowerPlay Forward
Center Left Wing Right Wing Time % Phy DF OF
1 Nicklas Backstrom Taylor Hall Joe Pavelski 60 1 2 2
2 Travis Zajac David Perron Sergei Shirokov 40 1 2 2
PowerPlay Defense
Defense Defense Time % Phy DF OF
1 Jake Gardiner Alex Pietrangelo 60 1 2 2
2 Travis Hamonic Bryce Lampman 40 1 2 2
Penalty Kill 4 Players Forward
Center Wing Time % Phy DF OF
1 Nik Antropov Taylor Pyatt 60 1 2 2
2 Travis Zajac Sergei Shirokov 40 1 2 2
Penalty Kill 4 Players Defense
Defense Defense Time % Phy DF OF
1 Travis Hamonic Bryce Lampman 60 1 2 2
2 Steve McCarthy Drew Fata 40 1 2 2
Penalty Kill - 3 Players Forward
Forward Time % Phy DF OF
1 Nik Antropov 60 1 2 2
2 Taylor Pyatt 40 1 2 2
Penalty Kill - 3 Players Defense
Defense Defense Time % Phy DF OF
1 Travis Hamonic Drew Fata 60 1 2 2
2 Bryce Lampman Jake Gardiner 40 1 2 2
4 vs 4 Forward
Center Wing Time % Phy DF OF
1 Travis Zajac David Perron 60 1 2 2
2 Nicklas Backstrom Taylor Hall 40 1 2 2
4 vs 4 Defense
Defense Defense Time % Phy DF OF
1 Bryce Lampman Alex Pietrangelo 60 1 2 2
2 Drew Fata Jake Gardiner 40 1 2 2
Last Minutes Offensive
Center Left Wing Right Wing Defense Defense
Nicklas Backstrom David Perron Joe Pavelski Jake Gardiner Alex Pietrangelo
Last Minutes Defensive
Center Left Wing Right Wing Defense Defense
Nik Antropov David Perron Darren Reid Bryce Lampman Drew Fata
Goaltenders
Starting : Tuukka Rask
Backup : Ilya Bryzgalov
Extra Forwards
Normal : Nicklas Backstrom, Sergei Shirokov, Tomas Kopecky - PP : Nicklas Backstrom, David Perron - PK : Taylor Pyatt
Extra Defensemen
Normal : Drew Fata, Steve McCarthy, Jake Gardiner - PP : Bryce Lampman - PK : Travis Hamonic, Jake Gardiner
Penalty Shots
David Perron, Joe Pavelski, Travis Zajac, Nik Antropov, Sergei Shirokov
% Time on Ice - Nordiques
Lines # - Real PCT - Wanted PCT - Time Play
Normal Forward
1 - 35% - 40% - 18:06
2 - 27% - 30% - 14:05
3 - 21% - 20% - 10:52
4 - 17% - 10% - 9:01
Normal Defense
1 - 39% - 40% - 20:33
2 - 31% - 30% - 16:14
3 - 24% - 20% - 12:18
4 - 6% - 10% - 2:59
PP Forward
1 - 53% - 60% - 2:05
2 - 47% - 40% - 1:53
PP Defense
1 - 58% - 60% - 2:18
2 - 42% - 40% - 1:40
PK Forward
1 - 71% - 60% - 2:50
2 - 29% - 40% - 1:08
PK Defense
1 - 47% - 60% - 1:53
2 - 53% - 40% - 2:05
PK3 Forward
1 - 0% - 60%
2 - 0% - 40%
PK3 Defense
1 - 0% - 60%
2 - 0% - 40%
44 Forward
1 - 0% - 60%
2 - 0% - 40%
44 Defense
1 - 0% - 60%
2 - 0% - 40%
Last Minute Offensive - 0:00
Last Minute Defensive - 0:00
Total
Forward - 60:00
Defense - 60:00
|
% Time on Ice - Blues
Lines # - Real PCT - Wanted PCT - Time Play
Normal Forward
1 - 38% - 40% - 19:49
2 - 26% - 30% - 13:18
3 - 22% - 20% - 11:29
4 - 14% - 10% - 7:28
Normal Defense
1 - 39% - 40% - 20:24
2 - 27% - 30% - 14:19
3 - 26% - 20% - 13:34
4 - 7% - 10% - 3:47
PP Forward
1 - 51% - 60% - 2:01
2 - 49% - 40% - 1:57
PP Defense
1 - 57% - 60% - 2:15
2 - 43% - 40% - 1:43
PK Forward
1 - 64% - 60% - 2:33
2 - 36% - 40% - 1:25
PK Defense
1 - 63% - 60% - 2:30
2 - 37% - 40% - 1:28
PK3 Forward
1 - 0% - 60%
2 - 0% - 40%
PK3 Defense
1 - 0% - 60%
2 - 0% - 40%
44 Forward
1 - 0% - 60%
2 - 0% - 40%
44 Defense
1 - 0% - 60%
2 - 0% - 40%
Last Minute Offensive - 0:00
Last Minute Defensive - 0:00
Total
Forward - 60:00
Defense - 60:00
|
Play by Play
1st period
0:01 of 1st period - Chris Drury wins face-off versus Nicklas Backstrom in neutral zone.
0:08 of 1st period - Snap shot by Chris Drury.
0:08 of 1st period - Shot Misses the Net.
0:10 of 1st period - Wrist shot by R.J. Umberger.
0:10 of 1st period - Shot Misses the Net.
0:12 of 1st period - Wrist shot by Jean-Pierre Dumont.
0:12 of 1st period - Shot Blocked by Bryce Lampman.
0:14 of 1st period - Snap shot by Jean-Pierre Dumont.
0:14 of 1st period - Stopped by Tuukka Rask without a rebound.
0:15 of 1st period - Travis Zajac wins face-off versus Vaclav Prospal in Blues zone.
0:40 of 1st period - Ryan Ellis is hit by Jake Gardiner and loses puck.
1:04 of 1st period - Icing by Drew Fata.
1:05 of 1st period - Nicklas Backstrom wins face-off versus Chris Drury in Blues zone.
1:12 of 1st period - Snap shot by Joe Pavelski.
1:12 of 1st period - Shot Misses the Net.
1:36 of 1st period - Steve McCarthy is hit by Jean-Pierre Dumont and loses puck.
1:51 of 1st period - Wrist shot by Joe Pavelski.
1:51 of 1st period - Shot Misses the Net.
1:53 of 1st period - Wrist shot by David Perron.
1:53 of 1st period - Shot Misses the Net.
2:33 of 1st period - Joe Pavelski is hit by Chris Drury and loses puck.
3:42 of 1st period - Snap shot by Joe Pavelski.
3:42 of 1st period - Stopped by Martin Brodeur without a rebound.
3:43 of 1st period - Vaclav Prospal wins face-off versus Sergei Shirokov in Nordiques zone.
3:56 of 1st period - Wrist shot by Vaclav Prospal.
3:56 of 1st period - Shot Misses the Net.
3:58 of 1st period - Slapshot by Fedor Tyutin.
3:58 of 1st period - Stopped by Tuukka Rask without a rebound.
3:59 of 1st period - Nik Antropov wins face-off versus Rich Peverley in Blues zone.
4:48 of 1st period - Slapshot by Kevin Porter.
4:48 of 1st period - Stopped by Martin Brodeur without a rebound.
4:49 of 1st period - Kevin Porter wins face-off versus Jarret Stoll in Nordiques zone.
5:00 of 1st period - Snap shot by Matt Moulson.
5:00 of 1st period - Shot Misses the Net.
5:02 of 1st period - Snap shot by Michael Ryder.
5:02 of 1st period - Shot Misses the Net.
5:04 of 1st period - Slapshot by Ryan Ellis.
5:04 of 1st period - Stopped by Tuukka Rask with a rebound.
5:36 of 1st period - Slapshot by Alex Pietrangelo.
5:36 of 1st period - Deflect By Ryan Ellis.
5:36 of 1st period - Stopped by Martin Brodeur with a rebound.
5:38 of 1st period - Slapshot by Bryce Lampman.
5:38 of 1st period - Shot Misses the Net.
6:30 of 1st period - Dustin Byfuglien is hit by Tomas Kopecky and loses puck.
6:41 of 1st period - Kyle Calder is hit by Alex Pietrangelo and loses puck.
7:26 of 1st period - Taylor Pyatt is hit by Matt Moulson.
7:39 of 1st period - Icing by Michael Ryder.
7:40 of 1st period - Kevin Porter wins face-off versus Rich Peverley in Nordiques zone.
7:41 of 1st period - Slapshot by Paul Kariya.
7:41 of 1st period - Stopped by Martin Brodeur without a rebound.
7:42 of 1st period - Rich Peverley wins face-off versus Kevin Porter in Nordiques zone.
7:50 of 1st period - Minor Penalty to Paul Kariya for Unsportsmanlike conduct.
7:51 of 1st period - Chris Drury wins face-off versus Nik Antropov in Blues zone.
9:15 of 1st period - Bryce Lampman is hit by Chris Drury and loses puck.
9:50 of 1st period - Penalty to Paul Kariya is over, Paul Kariya is back on ice.
10:26 of 1st period - Icing by Dustin Byfuglien.
10:27 of 1st period - Travis Zajac wins face-off versus Rich Peverley in Nordiques zone.
10:40 of 1st period - Snap shot by Rich Peverley.
10:40 of 1st period - Stopped by Tuukka Rask with a rebound.
10:42 of 1st period - Slapshot by T.J. Fast.
10:42 of 1st period - Deflect By Nikolai Kulemin.
10:42 of 1st period - Deflect By Jake Gardiner.
10:42 of 1st period - Goal by Nikolai Kulemin - Nordiques : 1 - Blues : 0.
10:43 of 1st period - Travis Zajac wins face-off versus Chris Drury in neutral zone.
11:03 of 1st period - Minor Penalty to Dmitry Kulikov for Roughing.
11:04 of 1st period - Nicklas Backstrom wins face-off versus Pascal Dupuis in Nordiques zone.
11:12 of 1st period - Wrist shot by Taylor Hall.
11:12 of 1st period - Shot Blocked by T.J. Fast.
11:14 of 1st period - Backhand shot by Jake Gardiner.
11:14 of 1st period - Shot Blocked by Chris Drury.
13:03 of 1st period - Penalty to Dmitry Kulikov is over, Dmitry Kulikov is back on ice.
13:10 of 1st period - Snap shot by Dmitry Kulikov.
13:10 of 1st period - Goal by Dmitry Kulikov - Nordiques : 2 - Blues : 0.
13:11 of 1st period - Chris Drury wins face-off versus Nik Antropov in neutral zone.
14:06 of 1st period - Slapshot by Nicklas Backstrom.
14:06 of 1st period - Shot Misses the Net.
14:08 of 1st period - Slapshot by Steve McCarthy.
14:08 of 1st period - Shot Misses the Net.
14:10 of 1st period - Wrist shot by David Perron.
14:10 of 1st period - Stopped by Martin Brodeur with a rebound.
14:20 of 1st period - Jean-Pierre Dumont is hit by Paul Kariya and loses puck.
14:39 of 1st period - Ryan Ellis is hit by Nik Antropov and loses puck.
14:46 of 1st period - Nik Antropov is hit by Nikita Kucherov and loses puck.
14:57 of 1st period - Rich Peverley is hit by Bryce Lampman.
15:38 of 1st period - T.J. Fast is hit by Joe Pavelski and loses puck.
15:53 of 1st period - Wrist shot by R.J. Umberger.
15:53 of 1st period - Stopped by Tuukka Rask with a rebound.
16:13 of 1st period - Slapshot by Michael Ryder.
16:13 of 1st period - Stopped by Tuukka Rask with a rebound.
16:15 of 1st period - Wrist shot by Jarret Stoll.
16:15 of 1st period - Goal by Jarret Stoll - Nordiques : 3 - Blues : 0.
16:16 of 1st period - Vaclav Prospal wins face-off versus Nicklas Backstrom in neutral zone.
17:09 of 1st period - Icing by Jake Gardiner.
17:10 of 1st period - Jarret Stoll wins face-off versus Nik Antropov in Blues zone.
17:15 of 1st period - Wrist shot by Michael Ryder.
17:15 of 1st period - Stopped by Tuukka Rask without a rebound.
17:16 of 1st period - David Perron wins face-off versus Chris Drury in Blues zone.
18:01 of 1st period - Kyle Calder is hit by Sergei Shirokov and loses puck.
18:10 of 1st period - Wrist shot by Taylor Hall.
18:10 of 1st period - Shot Blocked by Fedor Tyutin.
18:12 of 1st period - Wrist shot by Travis Zajac.
18:12 of 1st period - Stopped by Martin Brodeur with a rebound.
18:14 of 1st period - Slapshot by Travis Zajac.
18:14 of 1st period - Stopped by Martin Brodeur with a rebound.
18:16 of 1st period - Snap shot by Travis Zajac.
18:16 of 1st period - Shot Misses the Net.
18:22 of 1st period - Snap shot by Travis Zajac.
18:22 of 1st period - Stopped by Martin Brodeur with a rebound.
19:10 of 1st period - Snap shot by Taylor Hall.
19:10 of 1st period - Shot Hit the Post.
19:38 of 1st period - Dustin Byfuglien is hit by Travis Zajac and loses puck.
19:57 of 1st period - Snap shot by Taylor Hall.
19:57 of 1st period - Stopped by Martin Brodeur without a rebound.
19:58 of 1st period - Nicklas Backstrom wins face-off versus Chris Drury in Nordiques zone.
Goals for this period are 3 for Nordiques vs 0 for Blues.
Shots for this period are 10 for Nordiques vs 9 for Blues.
2nd period
0:01 of 2nd period - Nicklas Backstrom wins face-off versus Chris Drury in neutral zone.
0:05 of 2nd period - Off-side.
0:06 of 2nd period - Chris Drury wins face-off versus Nicklas Backstrom in neutral zone.
0:41 of 2nd period - Wrist shot by Travis Zajac.
0:41 of 2nd period - Stopped by Martin Brodeur without a rebound.
0:42 of 2nd period - David Perron wins face-off versus Jarret Stoll in Nordiques zone.
0:45 of 2nd period - Wrist shot by Nicklas Backstrom.
0:45 of 2nd period - Shot Misses the Net.
0:47 of 2nd period - Wrist shot by Travis Hamonic.
0:47 of 2nd period - Stopped by Martin Brodeur with a rebound.
0:49 of 2nd period - Slapshot by Joe Pavelski.
0:49 of 2nd period - Shot Misses the Net.
1:09 of 2nd period - Dmitry Kulikov is hit by Nik Antropov and loses puck.
1:20 of 2nd period - Snap shot by Vaclav Prospal.
1:20 of 2nd period - Shot Misses the Net.
1:41 of 2nd period - Snap shot by Taylor Hall.
1:41 of 2nd period - Stopped by Martin Brodeur without a rebound.
1:42 of 2nd period - Chris Drury wins face-off versus Nicklas Backstrom in Nordiques zone.
2:21 of 2nd period - Slapshot by Jean-Pierre Dumont.
2:21 of 2nd period - Shot Blocked by David Perron.
2:23 of 2nd period - Snap shot by Jean-Pierre Dumont.
2:23 of 2nd period - Shot Misses the Net.
2:33 of 2nd period - Wrist shot by Jean-Pierre Dumont.
2:33 of 2nd period - Stopped by Tuukka Rask with a rebound.
2:35 of 2nd period - Snap shot by R.J. Umberger.
2:35 of 2nd period - Shot Blocked by Bryce Lampman.
2:37 of 2nd period - Wrist shot by Jean-Pierre Dumont.
2:37 of 2nd period - Goal by Jean-Pierre Dumont - Nordiques : 4 - Blues : 0.
2:37 of 2nd period - Ilya Bryzgalov enters game.
2:38 of 2nd period - Jarret Stoll wins face-off versus Nik Antropov in neutral zone.
2:38 of 2nd period - Jarret Stoll is hit by Jake Gardiner.
2:54 of 2nd period - Wrist shot by Jarret Stoll.
2:54 of 2nd period - Stopped by Ilya Bryzgalov without a rebound.
2:55 of 2nd period - Sergei Shirokov wins face-off versus Vaclav Prospal in Blues zone.
3:06 of 2nd period - Snap shot by Kyle Calder.
3:06 of 2nd period - Stopped by Ilya Bryzgalov without a rebound.
3:07 of 2nd period - Chris Drury wins face-off versus Nicklas Backstrom in Blues zone.
3:08 of 2nd period - Wrist shot by Jean-Pierre Dumont.
3:08 of 2nd period - Shot Hit the Post.
3:10 of 2nd period - Slapshot by Fedor Tyutin.
3:10 of 2nd period - Deflect By Bryce Lampman.
3:10 of 2nd period - Stopped by Ilya Bryzgalov without a rebound.
3:11 of 2nd period - Joe Pavelski wins face-off versus Chris Drury in Blues zone.
3:39 of 2nd period - Slapshot by Bryce Lampman.
3:39 of 2nd period - Stopped by Martin Brodeur with a rebound.
3:41 of 2nd period - Snap shot by Nik Antropov.
3:41 of 2nd period - Shot Misses the Net.
3:57 of 2nd period - Travis Zajac is hit by Vaclav Prospal and loses puck.
4:02 of 2nd period - Slapshot by Kyle Calder.
4:02 of 2nd period - Shot Misses the Net.
5:45 of 2nd period - Snap shot by Nik Antropov.
5:45 of 2nd period - Shot Misses the Net.
6:03 of 2nd period - Nicklas Backstrom is hit by Dustin Byfuglien and loses puck.
7:33 of 2nd period - Wrist shot by Nikita Kucherov.
7:33 of 2nd period - Stopped by Ilya Bryzgalov without a rebound.
7:34 of 2nd period - Vaclav Prospal wins face-off versus Travis Zajac in Blues zone.
7:35 of 2nd period - Snap shot by Kyle Calder.
7:35 of 2nd period - Shot Misses the Net.
8:28 of 2nd period - Slapshot by Jarret Stoll.
8:28 of 2nd period - Stopped by Ilya Bryzgalov with a rebound.
8:30 of 2nd period - Slapshot by Niklas Kronwall.
8:30 of 2nd period - Stopped by Ilya Bryzgalov with a rebound.
8:42 of 2nd period - Travis Hamonic is hit by Pascal Dupuis and loses puck.
9:11 of 2nd period - Sergei Shirokov is hit by Niklas Kronwall.
9:32 of 2nd period - Wrist shot by Pascal Dupuis.
9:32 of 2nd period - Stopped by Ilya Bryzgalov without a rebound.
9:33 of 2nd period - Nicklas Backstrom wins face-off versus Chris Drury in Blues zone.
9:38 of 2nd period - R.J. Umberger is hit by Nicklas Backstrom and loses puck.
10:23 of 2nd period - Slapshot by Ryan Ellis.
10:23 of 2nd period - Deflect By Michael Ryder.
10:23 of 2nd period - Stopped by Ilya Bryzgalov without a rebound.
10:24 of 2nd period - Jarret Stoll wins face-off versus Kevin Porter in Blues zone.
10:41 of 2nd period - Snap shot by Kevin Porter.
10:41 of 2nd period - Stopped by Martin Brodeur with a rebound.
10:43 of 2nd period - Wrist shot by Darren Reid.
10:43 of 2nd period - Stopped by Martin Brodeur without a rebound.
10:44 of 2nd period - Joe Pavelski wins face-off versus Chris Drury in Nordiques zone.
10:57 of 2nd period - Snap shot by Chris Drury.
10:57 of 2nd period - Stopped by Ilya Bryzgalov without a rebound.
10:58 of 2nd period - Chris Drury wins face-off versus Nicklas Backstrom in Blues zone.
11:04 of 2nd period - Minor Penalty to Joe Pavelski for Roughing.
11:05 of 2nd period - Nik Antropov wins face-off versus Chris Drury in Blues zone.
11:54 of 2nd period - Icing by Chris Drury.
11:55 of 2nd period - Chris Drury wins face-off versus Travis Zajac in Nordiques zone.
12:34 of 2nd period - Snap shot by Taylor Pyatt.
12:34 of 2nd period - Shot Misses the Net.
12:38 of 2nd period - Snap shot by Sergei Shirokov.
12:38 of 2nd period - Stopped by Martin Brodeur without a rebound.
12:39 of 2nd period - Travis Zajac wins face-off versus Nikita Kucherov in Nordiques zone.
12:46 of 2nd period - Slapshot by Travis Zajac.
12:46 of 2nd period - Shot Misses the Net.
13:04 of 2nd period - Penalty to Joe Pavelski is over, Joe Pavelski is back on ice.
13:10 of 2nd period - Snap shot by Ryan Ellis.
13:10 of 2nd period - Shot Blocked by Travis Hamonic.
13:22 of 2nd period - Dustin Byfuglien is hit by Travis Hamonic.
13:32 of 2nd period - Pascal Dupuis is hit by Kevin Porter and loses puck.
13:37 of 2nd period - Snap shot by Paul Kariya.
13:37 of 2nd period - Shot Hit the Post.
13:39 of 2nd period - Wrist shot by Paul Kariya.
13:39 of 2nd period - Goal by Paul Kariya - Nordiques : 4 - Blues : 1.
13:40 of 2nd period - Joe Pavelski wins face-off versus Chris Drury in neutral zone.
13:48 of 2nd period - Fedor Tyutin is hit by Joe Pavelski and loses puck.
14:14 of 2nd period - Snap shot by Michael Ryder.
14:14 of 2nd period - Stopped by Ilya Bryzgalov without a rebound.
14:15 of 2nd period - Chris Drury wins face-off versus Taylor Hall in Blues zone.
14:16 of 2nd period - Snap shot by Jean-Pierre Dumont.
14:16 of 2nd period - Shot Blocked by Travis Hamonic.
14:48 of 2nd period - Wrist shot by Nik Antropov.
14:48 of 2nd period - Stopped by Martin Brodeur with a rebound.
14:59 of 2nd period - Icing by Ryan Ellis.
15:00 of 2nd period - Kevin Porter wins face-off versus Jarret Stoll in Nordiques zone.
15:27 of 2nd period - Wrist shot by R.J. Umberger.
15:27 of 2nd period - Stopped by Ilya Bryzgalov without a rebound.
15:28 of 2nd period - Chris Drury wins face-off versus Nicklas Backstrom in Blues zone.
15:37 of 2nd period - Snap shot by Joe Pavelski.
15:37 of 2nd period - Goal by Joe Pavelski - Nordiques : 4 - Blues : 2.
15:38 of 2nd period - Nicklas Backstrom wins face-off versus R.J. Umberger in neutral zone.
15:47 of 2nd period - Slapshot by Nicklas Backstrom.
15:47 of 2nd period - Deflect By Joe Pavelski.
15:47 of 2nd period - Shot Misses the Net.
15:47 of 2nd period - Puck is out of play.
15:48 of 2nd period - Chris Drury wins face-off versus Joe Pavelski in Nordiques zone.
15:48 of 2nd period - Chris Drury is hit by Nicklas Backstrom.
16:03 of 2nd period - Snap shot by Nicklas Backstrom.
16:03 of 2nd period - Stopped by Martin Brodeur with a rebound.
16:05 of 2nd period - Snap shot by Joe Pavelski.
16:05 of 2nd period - Stopped by Martin Brodeur with a rebound.
16:07 of 2nd period - Snap shot by David Perron.
16:07 of 2nd period - Stopped by Martin Brodeur with a rebound.
16:27 of 2nd period - Wrist shot by David Perron.
16:27 of 2nd period - Shot Misses the Net.
16:29 of 2nd period - Snap shot by David Perron.
16:29 of 2nd period - Stopped by Martin Brodeur without a rebound.
16:30 of 2nd period - Travis Zajac wins face-off versus Vaclav Prospal in Nordiques zone.
16:57 of 2nd period - Kyle Calder is hit by Paul Kariya and loses puck.
17:02 of 2nd period - Wrist shot by Darren Reid.
17:02 of 2nd period - Goal by Darren Reid - Nordiques : 4 - Blues : 3.
17:03 of 2nd period - Nicklas Backstrom wins face-off versus Chris Drury in neutral zone.
17:05 of 2nd period - Off-side.
17:06 of 2nd period - Nicklas Backstrom wins face-off versus Chris Drury in neutral zone.
17:19 of 2nd period - Off-side.
17:20 of 2nd period - Chris Drury wins face-off versus Joe Pavelski in neutral zone.
17:31 of 2nd period - Snap shot by R.J. Umberger.
17:31 of 2nd period - Stopped by Ilya Bryzgalov with a rebound.
17:33 of 2nd period - Wrist shot by Chris Drury.
17:33 of 2nd period - Stopped by Ilya Bryzgalov with a rebound.
17:35 of 2nd period - Wrist shot by Fedor Tyutin.
17:35 of 2nd period - Stopped by Ilya Bryzgalov with a rebound.
18:10 of 2nd period - Michael Ryder is hit by Jake Gardiner and loses puck.
18:47 of 2nd period - Nicklas Backstrom is hit by R.J. Umberger and loses puck.
18:56 of 2nd period - Slapshot by Drew Fata.
18:56 of 2nd period - Shot Blocked by Jean-Pierre Dumont.
18:58 of 2nd period - Wrist shot by Drew Fata.
18:58 of 2nd period - Shot Misses the Net.
19:07 of 2nd period - Off-side.
19:08 of 2nd period - Travis Zajac wins face-off versus Vaclav Prospal in neutral zone.
Goals for this period are 1 for Nordiques vs 3 for Blues.
Shots for this period are 16 for Nordiques vs 15 for Blues.
3rd period
0:01 of 3rd period - Nicklas Backstrom wins face-off versus Chris Drury in neutral zone.
0:54 of 3rd period - Paul Kariya is hit by Dmitry Kulikov and loses puck.
1:36 of 3rd period - Slapshot by Fedor Tyutin.
1:36 of 3rd period - Stopped by Ilya Bryzgalov without a rebound.
1:37 of 3rd period - Nicklas Backstrom wins face-off versus Chris Drury in Blues zone.
1:42 of 3rd period - Dustin Byfuglien is hit by Jake Gardiner and loses puck.
1:49 of 3rd period - Snap shot by David Perron.
1:49 of 3rd period - Shot Blocked by Fedor Tyutin.
1:51 of 3rd period - Slapshot by Travis Hamonic.
1:51 of 3rd period - Shot Misses the Net.
2:03 of 3rd period - R.J. Umberger is hit by Nik Antropov and loses puck.
2:14 of 3rd period - Slapshot by Taylor Pyatt.
2:14 of 3rd period - Shot Misses the Net.
2:16 of 3rd period - Slapshot by Steve McCarthy.
2:16 of 3rd period - Stopped by Martin Brodeur with a rebound.
3:16 of 3rd period - Snap shot by Rich Peverley.
3:16 of 3rd period - Shot Misses the Net.
3:18 of 3rd period - Slapshot by Ryan Ellis.
3:18 of 3rd period - Stopped by Ilya Bryzgalov with a rebound.
3:44 of 3rd period - Slapshot by Travis Zajac.
3:44 of 3rd period - Stopped by Martin Brodeur without a rebound.
3:45 of 3rd period - Travis Zajac wins face-off versus R.J. Umberger in Nordiques zone.
3:54 of 3rd period - Slapshot by Fedor Tyutin.
3:54 of 3rd period - Shot Misses the Net.
4:10 of 3rd period - Vaclav Prospal is hit by Joe Pavelski and loses puck.
4:27 of 3rd period - Snap shot by Joe Pavelski.
4:27 of 3rd period - Shot Misses the Net.
4:29 of 3rd period - Slapshot by Travis Hamonic.
4:29 of 3rd period - Stopped by Martin Brodeur without a rebound.
4:30 of 3rd period - Jarret Stoll wins face-off versus Nik Antropov in Nordiques zone.
4:30 of 3rd period - Jarret Stoll is hit by Bryce Lampman.
5:07 of 3rd period - Icing by Matt Moulson.
5:08 of 3rd period - Nicklas Backstrom wins face-off versus Jarret Stoll in Nordiques zone.
5:19 of 3rd period - Wrist shot by Matt Moulson.
5:19 of 3rd period - Stopped by Ilya Bryzgalov without a rebound.
5:20 of 3rd period - Chris Drury wins face-off versus Nicklas Backstrom in Blues zone.
6:27 of 3rd period - Slapshot by Ryan Ellis.
6:27 of 3rd period - Stopped by Ilya Bryzgalov with a rebound.
6:29 of 3rd period - Snap shot by Matt Moulson.
6:29 of 3rd period - Goal by Matt Moulson - Nordiques : 5 - Blues : 3.
6:30 of 3rd period - Chris Drury wins face-off versus Nicklas Backstrom in neutral zone.
6:53 of 3rd period - Sergei Shirokov is hit by Kyle Calder and loses puck.
7:27 of 3rd period - Snap shot by Nikolai Kulemin.
7:27 of 3rd period - Stopped by Ilya Bryzgalov with a rebound.
8:41 of 3rd period - Slapshot by Alex Pietrangelo.
8:41 of 3rd period - Stopped by Martin Brodeur with a rebound.
8:51 of 3rd period - Snap shot by Michael Ryder.
8:51 of 3rd period - Deflect By Jarret Stoll.
8:51 of 3rd period - Stopped by Ilya Bryzgalov with a rebound.
9:01 of 3rd period - Slapshot by Nikolai Kulemin.
9:01 of 3rd period - Shot Blocked by Bryce Lampman.
9:07 of 3rd period - Backhand shot by Alex Pietrangelo.
9:07 of 3rd period - Shot Blocked by Nikolai Kulemin.
9:09 of 3rd period - Slapshot by Alex Pietrangelo.
9:09 of 3rd period - Shot Misses the Net.
9:11 of 3rd period - Wrist shot by Taylor Pyatt.
9:11 of 3rd period - Shot Blocked by Pascal Dupuis.
9:13 of 3rd period - Slapshot by Tomas Kopecky.
9:13 of 3rd period - Stopped by Martin Brodeur without a rebound.
9:14 of 3rd period - David Perron wins face-off versus Vaclav Prospal in Nordiques zone.
9:37 of 3rd period - Jake Gardiner is hit by Jarret Stoll and loses puck.
10:21 of 3rd period - Snap shot by Nikolai Kulemin.
10:21 of 3rd period - Stopped by Ilya Bryzgalov with a rebound.
10:53 of 3rd period - Minor Penalty to Nikita Kucherov for Roughing.
10:54 of 3rd period - Pascal Dupuis wins face-off versus Travis Zajac in Nordiques zone.
11:33 of 3rd period - Dmitry Kulikov is hit by Joe Pavelski and loses puck.
11:39 of 3rd period - Off-side.
11:40 of 3rd period - Pascal Dupuis wins face-off versus Travis Zajac in neutral zone.
12:03 of 3rd period - Alex Pietrangelo is hit by Rich Peverley and loses puck.
12:22 of 3rd period - Icing by David Perron.
12:23 of 3rd period - Nicklas Backstrom wins face-off versus Chris Drury in Blues zone.
12:53 of 3rd period - Penalty to Nikita Kucherov is over, Nikita Kucherov is back on ice.
13:11 of 3rd period - Snap shot by Rich Peverley.
13:11 of 3rd period - Shot Blocked by Kevin Porter.
13:25 of 3rd period - Snap shot by Nik Antropov.
13:25 of 3rd period - Stopped by Martin Brodeur with a rebound.
13:27 of 3rd period - Slapshot by Steve McCarthy.
13:27 of 3rd period - Shot Blocked by Fedor Tyutin.
13:29 of 3rd period - Snap shot by Drew Fata.
13:29 of 3rd period - Stopped by Martin Brodeur without a rebound.
13:30 of 3rd period - Chris Drury wins face-off versus Nik Antropov in Nordiques zone.
13:37 of 3rd period - Backhand shot by Jean-Pierre Dumont.
13:37 of 3rd period - Shot Blocked by Steve McCarthy.
14:37 of 3rd period - Slapshot by Paul Kariya.
14:37 of 3rd period - Shot Blocked by Fedor Tyutin.
14:39 of 3rd period - Slapshot by Steve McCarthy.
14:39 of 3rd period - Stopped by Martin Brodeur with a rebound.
14:41 of 3rd period - Slapshot by Kevin Porter.
14:41 of 3rd period - Shot Misses the Net.
14:43 of 3rd period - Wrist shot by Kevin Porter.
14:43 of 3rd period - Stopped by Martin Brodeur without a rebound.
14:44 of 3rd period - Nikolai Kulemin wins face-off versus Nicklas Backstrom in Nordiques zone.
14:51 of 3rd period - Snap shot by Nikolai Kulemin.
14:51 of 3rd period - Stopped by Ilya Bryzgalov without a rebound.
14:52 of 3rd period - Nicklas Backstrom wins face-off versus Rich Peverley in Blues zone.
15:30 of 3rd period - Snap shot by Rich Peverley.
15:30 of 3rd period - Shot Misses the Net.
15:38 of 3rd period - Wrist shot by Rich Peverley.
15:38 of 3rd period - Shot Misses the Net.
16:12 of 3rd period - Snap shot by Pascal Dupuis.
16:12 of 3rd period - Stopped by Ilya Bryzgalov with a rebound.
16:26 of 3rd period - Wrist shot by Nikolai Kulemin.
16:26 of 3rd period - Stopped by Ilya Bryzgalov without a rebound.
16:27 of 3rd period - Jarret Stoll wins face-off versus Nik Antropov in Blues zone.
16:39 of 3rd period - Icing by Fedor Tyutin.
16:40 of 3rd period - Nik Antropov wins face-off versus Jarret Stoll in Nordiques zone.
17:12 of 3rd period - Snap shot by Jarret Stoll.
17:12 of 3rd period - Shot Blocked by Alex Pietrangelo.
17:14 of 3rd period - Slapshot by Michael Ryder.
17:14 of 3rd period - Shot Misses the Net.
17:46 of 3rd period - Wrist shot by Matt Moulson.
17:46 of 3rd period - Shot Misses the Net.
17:48 of 3rd period - Snap shot by Jarret Stoll.
17:48 of 3rd period - Stopped by Ilya Bryzgalov without a rebound.
17:49 of 3rd period - Jean-Pierre Dumont wins face-off versus Travis Zajac in Blues zone.
18:16 of 3rd period - Jake Gardiner is hit by Nikita Kucherov and loses puck.
18:40 of 3rd period - Chris Drury is hit by Nicklas Backstrom and loses puck.
18:55 of 3rd period - Jean-Pierre Dumont is hit by Alex Pietrangelo and loses puck.
19:17 of 3rd period - Icing by Ryan Ellis.
19:18 of 3rd period - Nicklas Backstrom wins face-off versus Jarret Stoll in Nordiques zone.
Goals for this period are 1 for Nordiques vs 0 for Blues.
Shots for this period are 12 for Nordiques vs 9 for Blues.
Back to the Top